 Dungeon Sprint DCSS version 0.22-a0-224-g8cf3520 (webtiles) character file.

294 pokedragonboy the Basher (level 6, -9/44 HPs)
             Began as a Gargoyle Fighter on Feb 19, 2018.
             Mangled by a yak (12 damage)
             ... in the Dungeon (Sprint I: "Red Sonja").
             The game lasted 00:02:26 (479 turns).

pokedragonboy the Basher (Gargoyle Fighter)          Turns: 479, Time: 00:02:27

Health: -9/44      AC: 12    Str: 25    XL:     6   Next: 34%
Magic:  6/6        EV:  7    Int:  8    God:
Gold:   162        SH:  9    Dex: 11    Spells: 5/5 levels left

rFire    . . .     SeeInvis .   a - +0 flail
rCold    . . .     Gourm    .   c - +0 shield
rNeg     + . .     Faith    .   b - +0 scale mail
rPois    ∞         Spirit   .   (no helmet)
rElec    +         Reflect  .   (no cloak)
rCorr    .         Harm     .   (no gloves)
MR       .....     NoTele   +   (no boots)
Stlth    ..........             (no amulet)
HPRegen  0.14/turn              (no ring)
MPRegen  0.10/turn              (no ring)

@: mighty
A: negative energy resistance 1, electricity resistance, unbreathing,
petrification resistance, rot immunity, AC +4
a: no special abilities


You were in the Dungeon.
You were not hungry.

You visited 1 branch You collected 162 gold pieces.

Inventory:

Hand Weapons
 a - a +0 flail (weapon)
Armour
 b - a +0 scale mail (worn)
 c - a +0 shield (worn)
Scrolls
 k - a scroll of blinking
Potions
 h - a potion of haste
 i - 3 potions of magic
Comestibles
 f - a ration


   Skills:
 + Level 7.8 Fighting
 * Level 9.3 Maces & Flails
 + Level 7.8 Armour
 - Level 3.2 Shields


You had 5 spell levels left.
You didn't know any spells.

Dungeon Overview and Level Annotations

Branches:
Dungeon (1/1)

Altars:
Cheibriados
Dithmenos
Elyvilon
Fedhas
Hepliaklqana
Kikubaaqudgha
Okawaru
Qazlal
Ru
Sif Muna
Trog
Uskayaw
Vehumet
Wu Jian
Yredelemnul
Zin
The Shining One

Shops:
D (

Annotations:
D Sonja


Innate Abilities, Weirdness & Mutations

You are resistant to torment.
Your stone body is resilient. (AC +4)
You are immune to poison.
You resist negative energy. (rN+)
You are resistant to electric shocks. (rElec)
You can survive without breathing.
You are immune to petrification.
You are immune to rotting.


Message History

Sonja hits you with an uncursed short sword of venom.
Sonja hits you but does no damage. x2
You sock Sonja!
Sonja is heavily wounded.
You block Sonja's attack. x2; Sonja barely misses you.
The yak gores you.
Sonja hits you with an uncursed short sword of venom.
You block Sonja's attack. Sonja barely misses you. The yak gores you!
* * * LOW HITPOINT WARNING * * *
Unknown command.
You feel very mighty all of a sudden. Sonja hits you but does no damage.
You block Sonja's attack. Sonja barely misses you. You block the yak's attack.
You completely miss Sonja.
Sonja is heavily wounded.
Sonja hits you but does no damage. x3; You block Sonja's attack.
Sonja hits you but does no damage.
Sonja hits you with an uncursed short sword of venom.
* * * LOW HITPOINT WARNING * * *
The yak gores you!
You die...

################
#<.#..)..#..'..#
#..[..#..'[.#..+
#..#####'#####'# #..#
#..#$$$#(# ##
#..#__####$$##(#§≈§.c#
#..#_____##'#_.+§≈§§
#⌠⌠#_.∩...Y@K._#§§§.c#
####_..__##_(#'# +#
___ ##(#(# # #.### $.$
$.$# ##.## #+#


You could see a yak and Sonja.

Vanquished Creatures
  Sigmund (D)
  An ogre (D)
  A jelly (D)
  Ijyb (D)
4 creatures vanquished.

Notes
Turn   | Place    | Note
-------+----------+-------------------------------------------
     0 | D        | pokedragonboy the Gargoyle Fighter began the quest for the Orb.
     0 | D        | Reached XP level 1. HP: 14/14 MP: 1/1
     1 | D        | Noticed Ijyb
    19 | D        | Killed Ijyb
    19 | D        | Reached skill level 4 in Maces & Flails
    19 | D        | Reached XP level 2. HP: 17/20 MP: 2/2
    19 | D        | Reached XP level 3. HP: 20/24 MP: 3/3
    66 | D        | Noticed an ogre
    72 | D        | Killed an ogre
    72 | D        | Reached skill level 6 in Maces & Flails
    72 | D        | Reached XP level 4. HP: 32/32 MP: 4/4
   113 | D        | Noticed Sigmund
   134 | D        | Killed Sigmund
   134 | D        | Reached skill level 9 in Maces & Flails
   134 | D        | Reached XP level 5. HP: 14/38 MP: 5/5
   134 | D        | Reached XP level 6. HP: 17/44 MP: 6/6
   440 | D        | Found an ornate altar of the Wu Jian Council.
   440 | D        | Found a deep blue altar of Sif Muna.
   442 | D        | Found a radiant altar of Vehumet.
   451 | D        | Noticed a centaur warrior
   451 | D        | Noticed a centaur warrior
   462 | D        | Noticed Sonja
   466 | D        | Found Ucunwac's Weapon Emporium.
   466 | D        | Found an ancient bone altar of Kikubaaqudgha.
   466 | D        | Found a hazy altar of Hepliaklqana.
   466 | D        | Found a stormy altar of Qazlal.
   466 | D        | Found a hide-covered altar of Uskayaw.
   466 | D        | Found a blossoming altar of Fedhas.
   466 | D        | Found a bloodstained altar of Trog.
   466 | D        | Found an iron altar of Okawaru.
   466 | D        | Found a basalt altar of Yredelemnul.
   466 | D        | Found a glowing golden altar of the Shining One.
   466 | D        | Found a snail-covered altar of Cheibriados.
   466 | D        | Found a sacrificial altar of Ru.
   466 | D        | Found a glowing silver altar of Zin.
   466 | D        | Found a shadowy altar of Dithmenos.
   466 | D        | Found a white marble altar of Elyvilon.
   466 | D        | Noticed a yak
   479 | D        | Mangled by a yak

Vault maps used:
D:        dungeon_sprint_1

Skill      XL: |  1  2  3  4 |
---------------+-------------+-----
Fighting       | 4 6 7 |  7.8
Maces & Flails | 4 6 9 |  9.3
Armour         | 4 6 7 |  7.8
Shields        | |  3.2

Action                   |  1- 3 |  4- 6 || total
-------------------------+-------+-------++-------
Melee: Flail             |    21 |    33 ||    54
  Use: Potion            |     1 |     3 ||     4
Armor: Scale mail        |    11 |    22 ||    33
Dodge: Dodged            |     8 |    13 ||    21
Block: Shield            |     4 |    25 ||    29

Table legend:
 A = Spawn XP
 B = Non-spawn XP
 C = Spawn XP percentage of total XP
 D = Spawn monster count
 E = Non-spawn monster count
 F = Spawn count percentage of total count
 G = Total turns spent on level
                    A         B        C        D         E        F      G
               +---------+---------+-------+---------+---------+-------+---------
         Total |       0 |     421 |   0.0 |       0 |       4 |   0.0 |   479
               +---------+---------+-------+---------+---------+-------+---------
             D |       0 |     421 |   0.0 |       0 |       4 |   0.0 |   479
               +---------+---------+-------+---------+---------+-------+---------
